 Dungeon Crawl Stone Soup version 0.15.2 (webtiles) character file.

3378 Miyamura the Arsonist (level 9, -6/45 HPs)
             Began as a Deep Elf Fire Elementalist on Dec 13, 2014.
             Shot with an arrow by a deep elf priest (7 damage)
             ... in a bailey.
             The game lasted 00:37:19 (9938 turns).

Miyamura the Arsonist (Deep Elf Fire Elementalist)  Turns: 9938, Time: 00:37:22

HP  -6/45        AC  3     Str  5      XL: 9   Next: 74%
MP  16/23        EV 13     Int 24      God:
Gold 326         SH  0     Dex 12 (15) Spells:  4 memorised,  3 levels left

rFire  . . .     SeeInvis .     E - staff of energy
rCold  . . .     Clarity  .     a - +0 robe
rNeg   . . .     rCorr    .     (no shield)
rPois  .         rRot     .     (no helmet)
rElec  .         Spirit   .     (no cloak)
SustAb .         Warding  .     l - +0 pair of gloves
rMut   .         Stasis   .     (no boots)
Gourm  .                        (no amulet)
MR     +....                    (no ring)
                                o - ring of protection from magic

@: somewhat resistant to hostile enchantments, unstealthy
A: no striking features
a: no special abilities


You were in a bailey.
You were near starving.

You visited 2 branches of the dungeon, and saw 9 of its levels.
You also visited: Bailey.

You collected 326 gold pieces.

Inventory:

Hand weapons
 q - a +1 dagger of speed
 x - a +0 whip of flaming
 G - a +1 dagger of electrocution
Armour
 a - a +0 robe (worn)
 l - a +0 pair of gloves (worn)
 C - a +0 buckler
Magical devices
 y - a wand of enslavement (19)
 I - a wand of flame (7)
Comestibles
 c - 7 bread rations
 n - 2 royal jellies
 H - a meat ration
Scrolls
 d - a scroll of recharging
 e - a scroll of teleportation
 i - 3 scrolls of fog
 j - a scroll of magic mapping
 k - 2 scrolls of enchant armour {unknown}
 t - 4 scrolls of remove curse
 w - a scroll of blinking {unknown}
 B - a scroll of fear {unknown}
 D - a scroll of random uselessness
Jewellery
 f - an uncursed ring of poison resistance {unknown}
 g - an uncursed ring of fire {unknown}
 o - a ring of protection from magic (left hand)
 r - a cursed ring of see invisible {unknown}
Potions
 h - 2 potions of confusion {unknown}
 m - 4 potions of restore abilities
 p - 3 potions of berserk rage
 s - a potion of agility {unknown}
 u - a potion of curing
 v - a potion of brilliance {unknown}
 z - a potion of haste {unknown}
 A - a potion of lignification {unknown}
Books
 b - a book of Flames

   Spells                             Type                      Level
   *Flame Tongue                      Conjuration/Fire             1
   *Throw Flame                       Conjuration/Fire             2
   Conjure Flame                      Conjuration/Fire             3
   Inner Flame                        Hexes/Fire                   3
   *Sticky Flame                      Conjuration/Fire             4
   *Fireball                          Conjuration/Fire             5
Magical staves
 E - an uncursed staff of energy (weapon)


   Skills:
 - Level 3.2 Dodging
 - Level 2.4 Stealth
 - Level 3.6 Spellcasting
 + Level 10.4 Conjurations
 + Level 11.0 Fire Magic


You had 3 spell levels left.
You knew the following spells:

 Your Spells              Type           Power        Failure   Level  Hunger
a - Flame Tongue          Conj/Fire      #####        1%          1    None
b - Throw Flame           Conj/Fire      ######       1%          2    None
c - Sticky Flame          Conj/Fire      ######..     1%          4    None
f - Fireball              Conj/Fire      ######....   3%          5    None


Dungeon Overview and Level Annotations

Branches:
Dungeon (8/15)             Temple (1/1) D:7
   Lair: D:8-11

Altars:
Cheibriados
Dithmenos
Makhleb
Nemelex Xobeh
Okawaru
Qazlal
Trog
Xom
Zin
The Shining One

Shops:
D:7 =

Annotations:
D:2 Ijyb, Sigmund


Message History

The deep elf mage burns!
The deep elf mage burns!
The deep elf mage burns!
The deep elf fighter casts a spell.
The deep elf fighter flickers and vanishes!
Deactivating autopickup; reactivate with Ctrl-A.
The deep elf priest unwields an uncursed short sword.
The deep elf priest wields a shortbow.
The deep elf priest shoots an arrow.
The arrow hits you!
* * * LOW HITPOINT WARNING * * *
You see here an arrow.
Drink which item? (? for menu, Esc to quit)
You feel better.
It was a potion of curing.
Your Fire Magic skill increases to level 11!
You feel a bit more experienced.
The deep elf mage burns!
The deep elf mage gestures at you while chanting.
The orb of energy hits you!
* * * LOW HITPOINT WARNING * * *
The deep elf priest shoots an arrow.
The arrow hits you!
You die...

#####
##...######
#..∩..##..##
#.....#....#
##...##....#
.######'##..##
##...###..)###
#.....#.....#
#.....#.@∩..#
#.....#.e...#
#...e#....##
#e#####
#...*#....#
#..... .e...#
#..... .....#
#..... .....#
##...# #...##


You could see a deep elf priest and a deep elf mage (burning).

Vanquished Creatures
  Pikel (D:6)
  A two-headed ogre (D:6)
  Prince Ribbit (D:7)
  2 deep elf magi (Bailey)
  Menkaure (D:7)
  A black bear (D:8)
  An ice beast (D:6)
  3 sky beasts
  2 centaurs (D:7)
  An ogre (D:4)
  3 giant frogs
  2 jellies (D:7)
  6 killer bees (D:7)
  A scorpion (D:6)
  A goliath beetle (D:6)
  A quasit (D:7)
  A crimson imp (D:6)
  3 hounds
  5 orc priests
  5 worker ants
  4 orc wizards
  An ogre skeleton (D:5)
  10 adders
  6 gnolls
  2 shadow imps (D:7)
  An iguana zombie (D:7)
  2 oozes
  8 orcs
  A bat skeleton (D:5)
  A bat zombie (D:6)
  6 giant cockroaches
  5 hobgoblins
  9 jackals
  A ball python (D:1)
  14 bats
  6 giant geckos
  4 giant newts (D:1)
  12 goblins
  10 kobolds
  An orc zombie (D:4)
  2 quokkas
  8 rats
  2 rat skeletons
158 creatures vanquished.

Vanquished Creatures (others)
  A centaur (D:6)
  An orc (D:8)
  A quokka (D:8)
  A goblin (D:6)
4 creatures vanquished.

Grand Total: 162 creatures vanquished

Notes
Turn   | Place    | Note
--------------------------------------------------------------
     0 | D:1      | Miyamura, the Deep Elf Fire Elementalist, began the quest for the Orb.
     0 | D:1      | Reached XP level 1. HP: 10/10 MP: 5/5
   312 | D:1      | Reached XP level 2. HP: 15/15 MP: 4/8
   316 | D:1      | Learned a level 2 spell: Throw Flame
  1302 | D:2      | Reached XP level 3. HP: 19/19 MP: 5/11
  1537 | D:2      | Noticed Sigmund
  1854 | D:3      | Found a snail-covered altar of Cheibriados.
  1860 | D:3      | Reached skill level 4 in Fire Magic
  2118 | D:2      | Noticed Ijyb
  2679 | D:2      | Reached XP level 4. HP: 24/24 MP: 10/14
  2766 | D:2      | Learned a level 4 spell: Sticky Flame
  3290 | D:4      | Reached XP level 5. HP: 19/28 MP: 13/16
  3457 | D:4      | Noticed an ogre
  3461 | D:4      | Killed an ogre
  3461 | D:4      | Reached skill level 5 in Fire Magic
  3711 | D:4      | Found a stormy altar of Qazlal.
  3875 | D:4      | Reached XP level 6. HP: 32/32 MP: 13/18
  3882 | D:4      | Learned a level 5 spell: Fireball
  4104 | D:4      | Found a bloodstained altar of Trog.
  4470 | D:4      | Reached skill level 6 in Fire Magic
  4687 | D:5      | Entered Level 5 of the Dungeon
  4708 | D:4      | Reached skill level 5 in Conjurations
  4744 | D:5      | Reached XP level 7. HP: 33/36 MP: 12/20
  5625 | D:5      | Found a burning altar of Makhleb.
  5833 | D:5      | Reached skill level 7 in Fire Magic
  6340 | D:6      | Found a glowing golden altar of the Shining One.
  6377 | D:6      | Reached XP level 8. HP: 41/41 MP: 9/22
  6663 | D:6      | Noticed Pikel
  6671 | D:6      | Killed Pikel
  6671 | D:6      | Reached skill level 8 in Conjurations
  6729 | D:6      | Reached skill level 9 in Fire Magic
  6730 | D:6      | Noticed a two-headed ogre
  6747 | D:6      | Killed a two-headed ogre
  7549 | D:7      | Noticed Menkaure
  7552 | D:7      | Killed Menkaure
  7552 | D:7      | Reached XP level 9. HP: 45/45 MP: 12/23
  7722 | D:7      | Noticed Prince Ribbit
  7732 | D:7      | Killed Prince Ribbit
  7947 | D:7      | Found Ydurr's Jewellery Emporium.
  8266 | D:6      | Reached skill level 10 in Fire Magic
  8469 | D:7      | Found a staircase to the Ecumenical Temple.
  8476 | Temple   | Entered the Ecumenical Temple
  8848 | D:7      | HP: 2/45 [poisoned by a killer bee]
  8856 | D:7      | HP: 1/45 [poisoned by a killer bee]
  9225 | D:7      | Reached skill level 10 in Conjurations
  9822 | D:8      | Found a flagged portal.
  9828 | Bailey   | Entered a bailey
  9938 | Bailey   | Reached skill level 11 in Fire Magic
  9938 | Bailey   | HP: 1/45 [deep elf mage/orb of energy (17)]
  9938 | Bailey   | Shot with an arrow by a deep elf priest

Action                   |  1- 3 |  4- 6 |  7- 9 || total
-------------------------+-------+-------+-------++-------
Melee: Unarmed           |     5 |       |       ||     5
       Dagger            |       |     2 |    29 ||    31
       Staff             |       |       |     9 ||     9
 Cast: Flame Tongue      |    79 |    47 |    92 ||   218
       Throw Flame       |     9 |    35 |    98 ||   142
       Sticky Flame      |       |       |    17 ||    17
       Fireball          |       |       |     6 ||     6
Evoke: Wand              |       |     1 |    11 ||    12
  Use: Scroll            |     1 |     6 |     7 ||    14
       Potion            |       |       |     2 ||     2
 Stab: Sleeping          |     1 |       |       ||     1
  Eat: Chunk             |     3 |     1 |    10 ||    14
       Meat ration       |     1 |       |       ||     1
       Fruit             |       |     2 |     3 ||     5
       Pizza             |       |       |     1 ||     1
       Beef jerky        |       |       |     1 ||     1
